PA
ATHLETIC CLUB KC U-21 @ WALLA WALLA WALLEYE
07/26/2023
 
TOP OF THE 1ST
Athletic Club KC U-21 batting - Pitching for Walla Walla Walleye : LHP Reid Garrett
Pitching: LHP Reid Garrett
Batting: RHB Alfonso Ciucio 0-0: Swinging Strike
0-1: Ground out 4-3 (Groundball, 34)
Batting: RHB Felipe Pabalate 0-0: Ball
1-0: Ball
2-0: Ball
3-0: Called Strike
3-1: Ground out 5-3 (Groundball, 56)
Batting: LHB Tony García 0-0: Ball
1-0: Ball
2-0: Called Strike
2-1: Called Strike
2-2: Foul Ball, location: 2F
2-2: Ball
3-2: Ground out 3-1 (Groundball, 34S)
Top of the 1st over - 0 run(s), 0 hit(s), 0 error(s), 0 left on base; Athletic Club KC 0 - Walla Walla 0
BOTTOM OF THE 1ST
Walla Walla Walleye batting - Pitching for Athletic Club KC U-21 : RHP Juan Gusmán
Pitching: RHP Juan Gusmán
Batting: LHB Ángel López 0-0: Swinging Strike
0-1: Ball
1-1: Swinging Strike
1-2: Ball
2-2: Ground out 4-3 (Groundball, 4)
Batting: RHB Alex Rucker 0-0: Foul Ball, location: 2F
0-1: Called Strike
0-2: Foul Ball, location: 2F
0-2: Foul Ball, location: 2F
0-2: Ball
1-2: Strikes out swinging
Batting: RHB Miguel Rosales 0-0: Foul Ball, location: 2F
0-1: SINGLE (Groundball, 34D)
Batting: LHB José León 0-0: Ball
1-0: Ball
2-0: Foul Ball, location: 2F
2-1: Ball
3-1: Swinging Strike
3-2: Foul Ball, location: 2F
3-2: Fly out, F8 (Flyball, 8RS)
Bottom of the 1st over - 0 run(s), 1 hit(s), 0 error(s), 1 left on base; Athletic Club KC 0 - Walla Walla 0
TOP OF THE 2ND
Athletic Club KC U-21 batting - Pitching for Walla Walla Walleye : LHP Reid Garrett
Batting: LHB Manuel Domínguez 0-0: Called Strike
0-1: Foul Ball, location: 2F
0-2: Ground out 4-3 (Groundball, 4)
Batting: RHB Diego Bonilla 0-0: Called Strike
0-1: Ball
1-1: Fly out, F8 (Flyball, 8RS)
Batting: LHB Naohiro Sakai 0-0: Ball
1-0: Ball
2-0: Called Strike
2-1: Fly out, F5 (Popup, 5SF)
Top of the 2nd over - 0 run(s), 0 hit(s), 0 error(s), 0 left on base; Athletic Club KC 0 - Walla Walla 0
BOTTOM OF THE 2ND
Walla Walla Walleye batting - Pitching for Athletic Club KC U-21 : RHP Juan Gusmán
Batting: RHB Ieyoshi Yamamoto 0-0: Called Strike
0-1: Foul Ball, location: 2F
0-2: Foul Ball, location: 2F
0-2: Foul Ball, location: 2F
0-2: Foul Ball, location: 2F
0-2: Ball
1-2: Ball
2-2: Foul Ball, location: 2F
2-2: Ball
3-2: Strikes out swinging
Batting: RHB D.C. Aiken 0-0: Called Strike
0-1: Foul Ball, location: 2F
0-2: Ball
1-2: Strikes out swinging
Batting: RHB Joe Dundee 0-0: Called Strike
0-1: Foul Ball, location: 2F
0-2: Strikes out swinging
Bottom of the 2nd over - 0 run(s), 0 hit(s), 0 error(s), 0 left on base; Athletic Club KC 0 - Walla Walla 0
TOP OF THE 3RD
Athletic Club KC U-21 batting - Pitching for Walla Walla Walleye : LHP Reid Garrett
Batting: RHB Iván Chacón 0-0: Called Strike
0-1: Ball
1-1: Fly out, F9 (Flyball, 9M)
Batting: RHB Pedro Silva 0-0: Called Strike
0-1: Ground out 6-3 (Groundball, 6MS)
Batting: RHB Altifício Azor 0-0: Ball
Single, Error in OF, E7, batter to second base
Batting: RHB Alfonso Ciucio 0-0: Ball
1-0: Ball
2-0: Ball
3-0: Base on Balls
Batting: RHB Felipe Pabalate 0-0: Ball
1-0: Ball
2-0: Foul Ball, location: 2F
2-1: SINGLE (Line Drive, 78S)
Altifício Azor to third
Alfonso Ciucio to second
Batting: LHB Tony García 0-0: Ball
1-0: Foul Ball, location: 2F
1-1: Foul Ball, location: 2F
1-2: SINGLE (Flyball, 8LS)
Altifício Azor scores
Alfonso Ciucio to third
Felipe Pabalate to second
Runner from 3rd tries for Home, SAFE, no throw or cutoff
Batting: LHB Manuel Domínguez 0-0: Ball
1-0: Foul Ball, location: 2F
1-1: Fly out, F8 (Flyball, 8LS)
Top of the 3rd over - 2 run(s), 3 hit(s), 1 error(s), 2 left on base; Athletic Club KC 2 - Walla Walla 0
BOTTOM OF THE 3RD
Walla Walla Walleye batting - Pitching for Athletic Club KC U-21 : RHP Juan Gusmán
Batting: RHB Tony Aguilar 0-0: Called Strike
0-1: Called Strike
0-2: Ball
1-2: Strikes out swinging
Batting: RHB Jim Brooks 0-0: Called Strike
0-1: Fly out, F8 (Flyball, 8RM)
Batting: LHB Ángel López 0-0: Ball
1-0: Ball
2-0: Ball
3-0: Base on Balls
Batting: RHB Alex Rucker 0-0: Ground out 6-3 (Groundball, 6)
Bottom of the 3rd over - 0 run(s), 0 hit(s), 0 error(s), 1 left on base; Athletic Club KC 2 - Walla Walla 0
TOP OF THE 4TH
Athletic Club KC U-21 batting - Pitching for Walla Walla Walleye : LHP Reid Garrett
Batting: RHB Diego Bonilla 0-0: SINGLE (Line Drive, 4MD)
Batting: LHB Naohiro Sakai 0-0: Ball
1-0: Foul Ball, location: 2F
1-1: Fly out, F9 (Flyball, 89M)
Batting: RHB Iván Chacón 0-0: Called Strike
0-1: Ball
1-1: Foul Ball, location: 2F
1-2: Fly out, F4 (Popup, 3DF)
Batting: RHB Pedro Silva 0-0: Swinging Strike
0-1: Swinging Strike
0-2: Ball
1-2: Ball
Diego Bonilla is caught stealing 2nd base
Top of the 4th over - 0 run(s), 1 hit(s), 0 error(s), 0 left on base; Athletic Club KC 2 - Walla Walla 0
BOTTOM OF THE 4TH
Walla Walla Walleye batting - Pitching for Athletic Club KC U-21 : RHP Juan Gusmán
Batting: RHB Miguel Rosales 0-0: Fly out, F9 (Flyball, 9M)
Batting: LHB José León 0-0: Ball
1-0: Ball
2-0: Ball
3-0: Called Strike
3-1: Ground out 3-1 (Groundball, 34)
Batting: RHB Ieyoshi Yamamoto 0-0: Foul Ball, location: 2F
0-1: Fly out, F2 (Popup, 2RF)
Bottom of the 4th over - 0 run(s), 0 hit(s), 0 error(s), 0 left on base; Athletic Club KC 2 - Walla Walla 0
TOP OF THE 5TH
Athletic Club KC U-21 batting - Pitching for Walla Walla Walleye : LHP Reid Garrett
Batting: RHB Pedro Silva 0-0: Ball
1-0: Ball
2-0: SINGLE (Groundball, 6M)
Batting: RHB Altifício Azor 0-0: Called Strike
0-1: Sac Bunt - play at second, runner OUT! 3-6
Batting: RHB Alfonso Ciucio 0-0: Ball
1-0: Fly out, F8 (Flyball, 8RS)
Batting: RHB Felipe Pabalate 0-0: Called Strike
0-1: Ball
1-1: Ball
2-1: Foul Ball, location: 2F
2-2: Ball
3-2: Base on Balls
Altifício Azor to second
Batting: LHB Tony García 0-0: Fly out, F7 (Flyball, 7S)
Top of the 5th over - 0 run(s), 1 hit(s), 0 error(s), 2 left on base; Athletic Club KC 2 - Walla Walla 0
BOTTOM OF THE 5TH
Walla Walla Walleye batting - Pitching for Athletic Club KC U-21 : RHP Juan Gusmán
Batting: RHB D.C. Aiken 0-0: Swinging Strike
0-1: Ball
1-1: Foul Ball, location: 2F
1-2: Ball
2-2: Ball
3-2: Strikes out swinging
Batting: RHB Joe Dundee 0-0: Ground out 5-3 (Groundball, 56)
Batting: RHB Tony Aguilar 0-0: Foul Ball, location: 2F
0-1: Foul Ball, location: 2F
0-2: Ball
1-2: Foul Ball, location: 2F
1-2: Foul Ball, location: 2F
1-2: Strikes out swinging
Bottom of the 5th over - 0 run(s), 0 hit(s), 0 error(s), 0 left on base; Athletic Club KC 2 - Walla Walla 0
TOP OF THE 6TH
Athletic Club KC U-21 batting - Pitching for Walla Walla Walleye : LHP Reid Garrett
Batting: LHB Manuel Domínguez 0-0: Swinging Strike
0-1: Ball
1-1: Ground out 6-3 (Groundball, 6MD)
Batting: RHB Diego Bonilla 0-0: Called Strike
0-1: Foul Ball, location: 2F
0-2: Ball
1-2: Foul Ball, location: 2F
1-2: Ball
2-2: Strikes out looking
Batting: LHB Naohiro Sakai 0-0: Swinging Strike
0-1: Ball
1-1: DOUBLE (Flyball, 78XD)
Batting: RHB Iván Chacón 0-0: Ground out 4-3 (Groundball, 4M)
Top of the 6th over - 0 run(s), 1 hit(s), 0 error(s), 1 left on base; Athletic Club KC 2 - Walla Walla 0
BOTTOM OF THE 6TH
Walla Walla Walleye batting - Pitching for Athletic Club KC U-21 : RHP Juan Gusmán
Batting: RHB Jim Brooks 0-0: Swinging Strike
0-1: Called Strike
0-2: Ball
1-2: Ball
2-2: Strikes out swinging
Batting: LHB Ángel López 0-0: Ground out U3 (Groundball, 3)
Batting: RHB Alex Rucker 0-0: SINGLE (Groundball, 6MD)
Batting: RHB Miguel Rosales 0-0: Ball
Balk!
Alex Rucker to second
1-0: Called Strike
1-1: Swinging Strike
1-2: Strikes out swinging
Bottom of the 6th over - 0 run(s), 1 hit(s), 0 error(s), 1 left on base; Athletic Club KC 2 - Walla Walla 0
TOP OF THE 7TH
Athletic Club KC U-21 batting - Pitching for Walla Walla Walleye : LHP Reid Garrett
Batting: RHB Pedro Silva 0-0: Called Strike
0-1: Swinging Strike
0-2: Ball
1-2: Strikes out swinging
Batting: RHB Altifício Azor 0-0: Ball
1-0: Foul Ball, location: 2F
1-1: SINGLE (Line Drive, 34D)
Batting: RHB Alfonso Ciucio 0-0: Ball
1-0: Called Strike
1-1: Foul Ball, location: 2F
1-2: Foul Ball, location: 2F
1-2: Ball
2-2: Foul Ball, location: 2F
2-2: Strikes out looking
Batting: RHB Felipe Pabalate 0-0: Foul Ball, location: 2F
0-1: SINGLE (Line Drive, 34D)
Altifício Azor to second
Pitching: RHP Alfonso Vera
Batting: LHB Tony García 0-0: Called Strike
0-1: Ball
Wild Pitch!
Altifício Azor to third
Felipe Pabalate to second
1-1: Ball
2-1: Ball
3-1: Base on Balls
Batting: LHB Manuel Domínguez 0-0: Ball
1-0: Foul Ball, location: 2F
1-1: Ball
2-1: Foul Ball, location: 2F
2-2: Strikes out swinging
Top of the 7th over - 0 run(s), 2 hit(s), 0 error(s), 3 left on base; Athletic Club KC 2 - Walla Walla 0
BOTTOM OF THE 7TH
Walla Walla Walleye batting - Pitching for Athletic Club KC U-21 : RHP Juan Gusmán
Batting: LHB José León 0-0: Called Strike
0-1: Hit by Pitch
Batting: RHB Ieyoshi Yamamoto 0-0: Called Strike
0-1: Ball
1-1: Foul Ball, location: 2F
1-2: Ball
2-2: Ground out 5-3 (Groundball, 5S)
José León to second
Batting: RHB D.C. Aiken 0-0: Ball
1-0: Called Strike
1-1: Foul Ball, location: 2F
1-2: Foul Ball, location: 2F
1-2: Ball
2-2: Ball
3-2: Base on Balls
Pinch Hitting: RHB Hieu De 0-0: Foul Ball, location: 2F
0-1: Ball
1-1: Ground out U3 (Groundball, 3S)
José León to third
D.C. Aiken to second
Pinch Hitting: LHB Francisco Santos 0-0: Ball
1-0: Called Strike
1-1: Ball
2-1: Ball
3-1: Base on Balls
Pitching: RHP Roland Allen
Pinch Hitting: LHB José Pacheco 0-0: Ball
1-0: Ball
2-0: Called Strike
2-1: Ball
3-1: Swinging Strike
3-2: Base on Balls
José León scores
D.C. Aiken to third
Francisco Santos to second
Batting: LHB Ángel López 0-0: Called Strike
0-1: Ball
1-1: Swinging Strike
1-2: Foul Ball, location: 2F
1-2: Ball
2-2: Foul Ball, location: 2F
2-2: Ground out 4-3 (Groundball, 4)
Bottom of the 7th over - 1 run(s), 0 hit(s), 0 error(s), 3 left on base; Athletic Club KC 2 - Walla Walla 1
TOP OF THE 8TH
Athletic Club KC U-21 batting - Pitching for Walla Walla Walleye : RHP Alfonso Vera
Now at 1B: Hieu De
Now at 2B: Francisco Santos
Now in RF: José Pacheco
Batting: RHB Diego Bonilla 0-0: Called Strike
0-1: Foul Ball, location: 2F
0-2: Ball
1-2: Strikes out swinging
Batting: LHB Naohiro Sakai 0-0: Called Strike
0-1: Foul Ball, location: 2F
0-2: Fly out, F7 (Flyball, 7M)
Batting: RHB Iván Chacón 0-0: Foul Ball, location: 2F
0-1: Ball
1-1: Ball
2-1: Called Strike
2-2: Ball
3-2: Foul Ball, location: 2F
3-2: Foul Ball, location: 2F
3-2: Strikes out looking
Top of the 8th over - 0 run(s), 0 hit(s), 0 error(s), 0 left on base; Athletic Club KC 2 - Walla Walla 1
BOTTOM OF THE 8TH
Walla Walla Walleye batting - Pitching for Athletic Club KC U-21 : RHP Roland Allen
Pitching: RHP Kas Groen
Batting: RHB Alex Rucker 0-0: Ball
1-0: Called Strike
1-1: Foul Ball, location: 2F
1-2: Strikes out looking
Batting: RHB Miguel Rosales 0-0: Called Strike
0-1: Ball
1-1: Ground out 5-3 (Groundball, 56)
Pitching: LHP Alonso Muñíz
Batting: LHB José León 0-0: Called Strike
0-1: Ground out 6-3 (Groundball, 6MS)
Bottom of the 8th over - 0 run(s), 0 hit(s), 0 error(s), 0 left on base; Athletic Club KC 2 - Walla Walla 1
TOP OF THE 9TH
Athletic Club KC U-21 batting - Pitching for Walla Walla Walleye : RHP Alfonso Vera
Pitching: LHP Jim Unknown
Batting: RHB Pedro Silva 0-0: DOUBLE (Flyball, 78M)
Pinch Hitting: RHB Jim Unknown 0-0: Intentional Walk
Batting: RHB Alfonso Ciucio 0-0: Ball
1-0: Called Strike
1-1: Ball
2-1: Sac Bunt - play at first, batter OUT! 1-4
Pedro Silva to third
Jim Unknown to second
Batting: RHB Felipe Pabalate 0-0: Intentional Walk
Batting: LHB Tony García 0-0: Ball
1-0: Grounds into fielders choice 4-2 (Groundball, 4)
Jim Unknown to third
Felipe Pabalate to second
Batting: LHB Manuel Domínguez 0-0: Ball
1-0: Foul Ball, location: 2F
1-1: Foul Ball, location: 2F
1-2: Strikes out swinging
Top of the 9th over - 0 run(s), 1 hit(s), 0 error(s), 3 left on base; Athletic Club KC 2 - Walla Walla 1
BOTTOM OF THE 9TH
Walla Walla Walleye batting - Pitching for Athletic Club KC U-21 : LHP Alonso Muñíz
Pitching: RHP Dempster Kelly
Now at C: Sang-your Yu
Now at 1B: Jim Unknown
Batting: RHB Ieyoshi Yamamoto 0-0: Ground out 6-3 (Groundball, 6)
Batting: RHB D.C. Aiken 0-0: Ball
1-0: Foul Ball, location: 2F
1-1: Fly out, F7 (Line Drive, 7M)
Batting: RHB Hieu De 0-0: Called Strike
0-1: Ball
1-1: Ball
2-1: Swinging Strike
2-2: Strikes out looking
Bottom of the 9th over - 0 run(s), 0 hit(s), 0 error(s), 0 left on base; Athletic Club KC 2 - Walla Walla 1
This league is powered by Out of the Park Baseball, the baseball management simulation game for PC, Mac and Linux
Friday, July 8th, 2016 - OOTP Baseball 16.9 Build 39